 Dungeon Crawl Stone Soup version 0.20.0-15-g7f486f2 (webtiles) character file.

20008 Chiseanne the Fighter (level 12, -2/102 HPs)
             Began as a Demonspawn Wanderer on June 30, 2017.
             Was an Initiate of Gozag.
             Slain by an orc warrior
             ... wielding a +0 short sword
             ... led by an orc knight
              (17 damage)
             ... on level 14 of the Dungeon.
             The game lasted 00:44:18 (13188 turns).

Chiseanne the Fighter (Demonspawn Wanderer)        Turns: 13188, Time: 00:44:18

Health: -2/102     AC: 11    Str: 16    XL:     12   Next: 41%
Magic:  10/12      EV: 25    Int: 11    God:    Gozag
Gold:   513        SH:  0    Dex: 17    Spells: 11/11 levels left

rFire    + . .     SeeInvis .   a - +5 mace
rCold    . . .     Gourm    .   (no shield)
rNeg     + . .     Faith    .   R - +1 leather armour {rF+}
rPois    .         Spirit   .   O - +2 hat
rElec    .         Reflect  .   K - scarf {repulsion}
rCorr    .         Harm     .   q - +0 pair of gloves
MR       +....                  h - +1 pair of boots
Stlth    +.........             A - amulet of regeneration
Regen    0.7/turn               Y - +5 ring of evasion
MPRegen  0.2/turn               o - ring of protection from magic

@: gold aura, very slightly contaminated, repel missiles
A: horns 1, foul stench 1, negative energy resistance 1, 50% torment resistance,
rot immunity
a: Potion Petition, Call Merchant, Bribe Branch, Renounce Religion


You were on level 14 of the Dungeon.
You worshipped Gozag.
Gozag was pleased with you.
You were not hungry.

You visited 2 branches of the dungeon, and saw 14 of its levels.

You collected 1433 gold pieces.
You paid 920 gold pieces to Gozag.

Inventory:

Hand Weapons
 a - a +5 mace (weapon)
 d - a +2 hand axe of flaming
 g - a +0 blowgun
 s - a +2 hand axe of freezing
 t - a +1 war axe of freezing
Missiles
 e - 78 bolts
 f - 117 sling bullets
Armour
 h - a +1 pair of boots (worn)
 q - a +0 pair of gloves (worn)
 x - a +1 cloak
 K - a scarf of repulsion (worn)
 O - a +2 hat (worn)
 R - a +1 leather armour of fire resistance (worn)
 V - a +0 leather armour of fire resistance
Jewellery
 c - an uncursed ring of ice
 o - a ring of protection from magic (right hand)
 w - a +3 ring of evasion
 z - an uncursed ring of fire
 A - an amulet of regeneration (around neck)
 Y - a +5 ring of evasion (left hand)
Wands
 l - a wand of confusion (22/48)
 M - a wand of iceblast (6/15)
 P - a wand of confusion (21/48)
 T - a wand of acid (5/15)
 U - a wand of iceblast (4/15)
 W - a wand of lightning (6/15)
 X - a wand of lightning (8/15)
Scrolls
 k - a scroll of immolation
 m - 2 scrolls of fear
 n - 2 scrolls of recharging
 y - 3 scrolls of blinking
 E - 6 scrolls of teleportation
 L - 4 scrolls of remove curse
 Z - 4 scrolls of amnesia
Potions
 b - 3 potions of lignification
 i - a potion of cancellation {unknown}
 p - 5 potions of curing
 u - a potion of resistance {unknown}
 v - 5 potions of flight
 B - 2 potions of mutation
 C - a potion of might
 D - a potion of agility {unknown}
 I - 2 potions of haste {unknown}
 J - a potion of invisibility
 N - 2 potions of brilliance {unknown}
Miscellaneous
 F - a phial of floods (inert)
 H - a crystal ball of energy
Comestibles
 j - 5 meat rations
 r - a royal jelly
 Q - 7 bread rations


   Skills:
 * Level 12.2 Fighting
 - Level 1.7(1.9) Maces & Flails
   Level 1.0(1.5) Staves
 - Level 1.0 Throwing
 * Level 11.0 Armour
 * Level 11.0 Dodging
   Level 1.0 Shields


You had 11 spell levels left.
You didn't know any spells.

Dungeon Overview and Level Annotations

Branches:
Dungeon (15/15)            Temple (1/1) D:7            Lair (0/6) D:10
    Orc: D:9-12      Vaults: D:13-14     Depths: D:15

Altars:
Ashenzari
Cheibriados
Dithmenos
Elyvilon
Fedhas
Gozag
Hepliaklqana
Kikubaaqudgha
Makhleb
Nemelex Xobeh
Okawaru
Qazlal
Ru
Sif Muna
Trog
Uskayaw
Vehumet
Xom
Yredelemnul
Zin

Shops:
D:6 !   D:10 =   D:14 (

Annotations:
D:3 CInkIbrahim's ghost, amateur OpGl
D:4 Alannah's ghost, amateur DsAs
D:11 iamgrull's ghost, journeyman DECj


Innate Abilities, Weirdness & Mutations

You have a pair of small horns on your head.
You may emit foul miasma when damaged in melee.
You resist negative energy. (rN+)
You are somewhat able to resist unholy torments (1 in 2 success).
You are immune to rotting.


Message History

You hit the orc warrior.
The orc warrior is lightly wounded.
The ice beast closely misses you. The orc warrior closely misses you.
The deep elf mage casts a spell.
The deep elf mage blinks!
The ice beast hits you.
* * * LOW HITPOINT WARNING * * *
The ice beast freezes you!
* * * LOW HITPOINT WARNING * * *
The orc warrior hits you with a short sword!
* * * LOW HITPOINT WARNING * * *
The ice beast closely misses you.
You climb upwards.
There is a stone staircase leading down here.
The orc warrior no longer looks unusually strong.
Evoke which item? (* to show all) (? for menu, Esc to quit)
Okay, then.
You feel better.
The orc warrior hits you with a short sword!
You die...
Your body crumbles into a pile of gold.

....####...# ##.# ## ...##
#..## #<.# ##. ...# #.##
#########..# ##.# ...# #.#
#...>......####.## #..##
#.## ##..........##..##
##..# #..##
#..#########.<..# ##.##
##..## #>.# #...## #..#
##..###.o# #...# ##.#
##..##.@### ##..## #.##
#...##...### ##...##
#..#####...#####..###.....#
#.........## ##.........##
#.####....# #...####...## #
#.# ##...# ##.### ###..##
## #.# ##...## ##.## ##...
.# #.# ##.....####.## ##..
.# #.# #..###..#..## ###
#..


You could see an orc warrior.

Vanquished Creatures
  2 hydras (D:14)
  A two-headed ogre (D:8)
  4 centaur warriors
  3 tengu warriors (D:15)
  The ghost of vandaahl the Geomancer, a novice GrEE of Vehumet (D:8)
  Sonja (D:10)
  An orc knight (D:15)
  2 cyclopes
  2 centaur zombies
  A gargoyle (D:15)
  A centaur skeleton (D:15)
  A troll (D:9)
  2 hippogriffs
  6 slime creatures
  A spriggan (D:7)
  A tarantella (shapeshifter) (D:14)
  A vampire (D:15)
  5 yaks
  5 humans (D:6)
  A hungry ghost (D:7)
  3 hell hounds (D:15)
  2 acid dragons (D:15)
  A water moccasin (D:8)
  6 porcupines (D:10)
  3 ice beasts
  A sky beast (D:10)
  3 phantoms
  4 orc warriors
  An eye of draining (D:15)
  3 black bears
  A necrophage (D:10)
  5 ogres
  4 boggarts (D:9)
  5 centaurs
  2 big kobolds (D:10)
  7 bullfrogs
  3 scorpions
  3 killer bees (D:9)
  8 wights
  A howler monkey (D:6)
  A quasit (D:10)
  9 crimson imps
  A bullfrog zombie (D:6)
  4 orc priests
  9 hounds
  16 jellies
  6 orc wizards
  2 iguanas
  8 worker ants
  2 hound zombies
  A hound skeleton (D:4)
  2 howler monkey skeletons
  3 gnolls (D:3)
  10 adders
  3 shadow imps
  7 oozes (D:6)
  3 adder skeletons
  A worm (D:5)
  3 dart slugs (D:1)
  3 leopard geckos
  35 orcs
  2 ball pythons
  2 giant cockroaches
  12 goblins
  6 hobgoblins
  11 jackals
  22 kobolds
  7 quokkas
  4 bats
  8 frilled lizards
  A leopard gecko zombie (D:7)
  2 quokka zombies
  7 rats
  4 fungi (D:10)
325 creatures vanquished.

Vanquished Creatures (collateral kills)
  A phantom (D:10)
1 creature vanquished.

Vanquished Creatures (others)
  A bullfrog (D:10)
  2 orcs
  20 fungi
  A plant (D:10)
24 creatures vanquished.

Grand Total: 350 creatures vanquished

Notes
Turn   | Place    | Note
-------+----------+-------------------------------------------
     0 | D:1      | Chiseanne the Demonspawn Wanderer began the quest for the Orb.
     0 | D:1      | Chiseanne set off with: a +2 mace, 2 potions of lignification, a +0 robe, a bread ration
     0 | D:1      | Reached XP level 1. HP: 18/18 MP: 1/1
   308 | D:1      | Gained mutation: You are immune to rotting. [demonic ancestry]
   308 | D:1      | Reached XP level 2. HP: 11/24 MP: 2/2
  1503 | D:2      | Reached XP level 3. HP: 29/29 MP: 3/3
  2490 | D:3      | Reached XP level 4. HP: 25/35 MP: 4/4
  3004 | D:3      | Noticed CInkIbrahim's ghost (amateur OpGl)
  3298 | D:3      | Reached skill level 4 in Fighting
  3813 | D:4      | Noticed Alannah's ghost (amateur DsAs)
  3860 | D:4      | Gained mutation: You may emit foul miasma when damaged in melee. [demonic ancestry]
  3860 | D:4      | Reached XP level 5. HP: 24/42 MP: 5/5
  3884 | D:4      | Noticed a hippogriff
  4169 | D:4      | Gained mutation: You have a pair of small horns on your head. [demonic ancestry]
  4169 | D:4      | Reached XP level 6. HP: 45/49 MP: 6/6
  4420 | D:4      | Killed a hippogriff
  4420 | D:4      | Reached skill level 5 in Fighting
  4420 | D:4      | Reached XP level 7. HP: 46/56 MP: 7/7
  4559 | D:5      | Entered Level 5 of the Dungeon
  4711 | D:5      | Found a radiant altar of Vehumet.
  4711 | D:5      | Found a hazy altar of Hepliaklqana.
  4712 | D:5      | Found a sparkling altar of Nemelex Xobeh.
  4913 | D:5      | Reached skill level 6 in Fighting
  5236 | D:5      | Reached skill level 5 in Dodging
  5236 | D:5      | Reached XP level 8. HP: 60/64 MP: 8/8
  5301 | D:5      | Found a glowing drain.
  5581 | D:6      | Found Sugryczu's Distillery.
  5701 | D:6      | Reached skill level 5 in Armour
  6162 | D:6      | Reached skill level 7 in Fighting
  6198 | D:6      | Reached XP level 9. HP: 47/72 MP: 9/9
  6771 | D:6      | Reached skill level 8 in Fighting
  7027 | D:7      | Found a staircase to the Ecumenical Temple.
  7034 | Temple   | Entered the Ecumenical Temple
  7951 | D:8      | Reached skill level 9 in Fighting
  7951 | D:8      | Gained mutation: You resist negative energy. (rN+) [demonic ancestry]
  7951 | D:8      | Reached XP level 10. HP: 80/83 MP: 10/10
  8194 | D:8      | Noticed vandaahl's ghost (novice GrEE)
  8227 | D:8      | Killed vandaahl's ghost
  8491 | D:8      | Noticed a two-headed ogre
  8499 | D:8      | Killed a two-headed ogre
  8542 | D:8      | Found a shattered altar of Ashenzari.
  8937 | D:10     | Entered Level 10 of the Dungeon
  9066 | D:9      | Reached skill level 10 in Fighting
  9112 | D:9      | Found an opulent altar of Gozag.
  9112 | D:9      | Found a glowing silver altar of Zin.
  9126 | D:9      | Became a worshipper of Gozag Ym Sagoz the Greedy
  9760 | D:9      | Reached XP level 11. HP: 92/92 MP: 11/11
  9928 | D:10     | Found a staircase to the Lair.
 10353 | D:10     | wingboner: ,,,^..^,,,
 10359 | D:10     | Chiseanne: hey there :) how are you doing today?
 10487 | D:10     | Chiseanne: long time no see. have you been busy lately?
 10666 | D:10     | wingboner: Herrou. Just about perfect. Have just finished 2x job projects (96 hours and 26 hours), got my month worth of money and relaxing. Not that busy overall, but mostly reading/playing other games/real life stuff.
 10668 | D:10     | Got a transparent hunting sling
 10669 | D:10     | Chiseanne: glad to hear you are doing well :)
 10680 | D:10     | Noticed Sonja
 10686 | D:10     | Killed Sonja
 10927 | D:11     | Noticed iamgrull's ghost (journeyman DECj)
 11071 | D:10     | wingboner: Bethesda has just aired an addon to their Skyrim cards game, it's pretty wild, my friend's constantly dragging me there... At least they add content and interesting mechanics, unlike DCSS.
 11071 | D:10     | wingboner: What about you?
 11071 | D:10     | Chiseanne: never knew theres a Skyrim card game
 11071 | D:10     | wingboner: https://legends.bethesda.net/ — got mobile clients too.
 11071 | D:10     | Chiseanne: looking for a job. cant seem to find anything fitting for me. weather sucks and I keep loosing this game . we seem to be on the opposite side of things atm haha
 11071 | D:10     | wingboner: I'm mostly playing it on my phone. Funny: it's not officially supported, so I have to download the apk from a mirror, not use the google store. Still works great.
 11071 | D:10     | Chiseanne: let me check it
 11071 | D:10     | wingboner: Well, I hope you do find a good job. It tends to be easier now, as working remotely is a thing.
 11071 | D:10     | wingboner: I've just won a run of DCSS too, heh.
 11071 | D:10     | wingboner: !lg xenobreeder
 11071 | D:10     | Chiseanne: hmm will check later if I can find a youtbe video
 11071 | D:10     | wingboner: Ah, no bot.
 11071 | D:10     | wingboner: https://www.youtube.com/watch?v=KKtxbAmkCtU
 11071 | D:10     | wingboner: This is a bit old (pre-addon) and doesn't even show all the card interactions that were possible then.
 11071 | D:10     | wingboner: But should give you a rough idea.
 11071 | D:10     | Chiseanne: its magic the gathering wrapped up in golden paper. maybe I will try it later on. doesnt look bad
 11078 | D:11     | You fall through a shaft for 3 floors!
 11137 | D:14     | Identified the +2 hunting sling of the Eternal Warrior {freeze, MR++} (You found it on level 10 of the Dungeon)
 11160 | D:14     | Noticed an eight-headed hydra
 11162 | D:14     | Noticed a centaur warrior
 11172 | D:14     | Killed a four-headed hydra
 11172 | D:14     | Reached skill level 11 in Fighting
 11186 | D:14     | Killed a centaur warrior
 11186 | D:14     | Reached skill level 10 in Armour
 11186 | D:14     | Reached skill level 10 in Dodging
 11313 | D:14     | wingboner: It's same genre, but plays differently. I actually like it more. Same as nethack and dcss are both roguelikes, but different.
 11314 | D:14     | Chiseanne: I know..tried the one from Blizzard lately but didnt like it on the long run
 11314 | D:14     | wingboner: Yeah, that one was too boring for me.
 11314 | D:14     | Chiseanne: https://us.battle.net/hearthstone/en/
 11314 | D:14     | wingboner: I used it as a glorified chat client in the end.
 11314 | D:14     | Chiseanne: ah been there already hehe
 11314 | D:14     | Chiseanne: really ? there was a chat in it? never seen it
 11314 | D:14     | wingboner: Because it was the only way to use the battle.net chat on a phone.
 11314 | D:14     | Chiseanne: oh ok
 11314 | D:14     | Chiseanne: it was pretty beautiful. I wouldnt call it really boring its just..I didnt like some of the mechanics
 11681 | D:14     | wingboner: The bethesda game, on the other hand, has lots of interesting card interactions that make every deck's wtf potential to your opponent pretty awesome.
 11682 | D:14     | wingboner: And the addon capitalized on that.
 11682 | D:14     | Chiseanne: so a lot of synergies in it I get it right? I like that!
 11881 | D:14     | Noticed a centaur warrior
 11894 | D:14     | Killed a centaur warrior
 11978 | D:14     | Noticed a five-headed hydra
 11987 | D:14     | Killed a one-headed hydra
 12071 | D:14     | Found a burning altar of Makhleb.
 12073 | D:14     | Noticed a blizzard demon
 12185 | D:14     | Found Foguepenna's Weapon Shop.
 12566 | D:14     | wingboner: Yeah, both positive and negative. Play an action => triggers a card that deals damage to your opponent, another one that gains power from it, another one that lets you draw a new card if you've played 2 actions in a turn, and a support effect that summons a random atronach if you've played 2 actions...
 12595 | D:14     | wingboner: So basically you pile it up and watch it roll.
 12595 | D:14     | Chiseanne: I like that. gives usually more complexity to a game
 12605 | D:14     | Chiseanne: man , you ve got an eleven % to win rate. thats crazy! :D
 12605 | D:14     | Chiseanne: Im jealous
 12720 | D:15     | Entered Level 15 of the Dungeon
 12751 | D:15     | Gained mutation: You are somewhat able to resist unholy torments (1 in 2 success). [demonic ancestry]
 12751 | D:15     | Reached XP level 12. HP: 75/101 MP: 12/12
 12754 | D:15     | wingboner: Unless your opponent has ways to deal with it — destroy support effects, poison/silence/unsummon creatures, or just flood you with Imperials that boost each other and end up dealing more pure melee damage than you.
 12790 | D:15     | wingboner: This is just a tournament account.
 12790 | D:15     | Chiseanne: still awesome
 12812 | D:15     | Noticed a tengu warrior
 12821 | D:15     | Killed a tengu warrior
 12822 | D:15     | wingboner: I mostly fuck around, if you want my real winrate check the alias that wraps all of my accounts.
 12824 | D:15     | wingboner: Xenobreeder.
 12853 | D:15     | wingboner: 96/3985 games for xenobreeder: N=96/3985 (2.41%)
 12853 | D:15     | Chiseanne: so do I haha. still trying to find an Uber-DS ;-)
 12865 | D:15     | Found a snail-covered altar of Cheibriados.
 12950 | D:15     | Noticed a centaur warrior
 12982 | D:15     | wingboner: I could've had a 100% or close to it winrate, but that would be insanely boring.
 12988 | D:15     | Killed a centaur warrior
 12995 | D:15     | wingboner: DDFi all the way.
 12995 | D:15     | wingboner: It's pretty hard to die as that one.
 12995 | D:15     | Chiseanne: hmm..please make an account, win just 10 game in a row and show it to me as a prove!
 12995 | D:15     | Chiseanne: :D
 12995 | D:15     | wingboner: Um.
 13015 | D:15     | Reached skill level 12 in Fighting
 13117 | D:15     | Noticed a centaur warrior
 13124 | D:15     | Noticed a tengu warrior
 13127 | D:15     | Killed a centaur warrior
 13134 | D:15     | Noticed a tengu warrior
 13141 | D:15     | Killed a tengu warrior
 13151 | D:15     | wingboner: http://crawl.akrasiac.org/scoring/players/casual.html
 13157 | D:15     | wingboner: I do have a streak of 10.
 13161 | D:15     | Chiseanne: phhhh....
 13161 | D:15     | Chiseanne: SHOW OFF!!
 13161 | D:15     | wingboner: ^_^
 13161 | D:15     | Chiseanne: ok. good job on that man! :)
 13161 | D:15     | wingboner: Streaks are boring though.
 13161 | D:15     | wingboner: Too much paying attention and planning needed.
 13161 | D:15     | Chiseanne: yeah same for me that why Im not doing that and I am only on a 0.28% rate (yeah thats the ticket!) ;-)
 13161 | D:15     | Chiseanne: I play this to have some adventuring fun. not really want to play chess here
 13164 | D:15     | Killed a tengu warrior
 13178 | D:15     | wingboner: Same. I've tried some challenges, but not going to win a MuMo anytime soon.
 13178 | D:15     | Chiseanne: oh I won a MuAr once..that was fun..before they destroyed it by changing the rules for artificing
 13184 | D:15     | HP: 4/102 [orc warrior/short sword[an orc knight] (15)]
 13188 | D:14     | wingboner: I mean not a normal MuMo, but the MuMo challenge.
 13188 | D:14     | wingboner: ??mumo
 13188 | D:14     | Slain by an orc warrior

Skill      XL: |  1  2  3  4  5  6  7  8  9 10 11 12 |
---------------+-------------------------------------+-----
Dodging        | 2 3 4 5 6 7 9 10 11 | 11.0
Armour         | 2 3 4 6 7 9 10 11 | 11.0
Fighting       | 4 5 6 7 9 10 11 12 | 12.2
Maces & Flails | |  1.7
Staves         | |  1.0
Throwing       | |  1.0
Shields        | |  1.0

Action                   |  1- 3 |  4- 6 |  7- 9 | 10-12 || total
-------------------------+-------+-------+-------+-------++-------
Melee: Mace              |   119 |   141 |   384 |   770 ||  1414
       Headbutt          |       |     2 |    86 |   172 ||   260
       Hand axe          |       |       |       |    16 ||    16
 Fire: Blowgun           |       |       |       |     6 ||     6
Throw: Tomahawk          |       |       |       |     9 ||     9
Invok: Call Merchant     |       |       |       |     1 ||     1
Evoke: Wand              |       |     2 |     3 |    15 ||    20
       Phial of floods   |       |       |       |     1 ||     1
  Use: Scroll            |     7 |     8 |     6 |     7 ||    28
       Potion            |       |       |       |     8 ||     8
 Stab: Invisible         |       |       |       |     1 ||     1
  Eat: Chunk             |     4 |     7 |    11 |     5 ||    27
       Fruit             |       |       |     2 |     5 ||     7
       Royal jelly       |       |       |     1 |     5 ||     6
Armor: Leather armour    |     4 |       |       |    43 ||    47
       Ring mail         |    42 |    53 |       |       ||    95
       Scale mail        |       |    19 |   186 |   326 ||   531
Dodge: Dodged            |    75 |   143 |   358 |  1049 ||  1625
       Deflected         |       |       |       |     4 ||     4
